 Dungeon Crawl Stone Soup version 0.30-a0-718-geaa24f58ff (webtiles) character file.

Game seed: 13016256669091354866

158 avis the Shooter (level 4, 0/38 HPs)
             Began as a Demigod Hunter on Jan 26, 2023.
             Slain by a jelly (3 damage)
             ... on level 4 of the Dungeon.
             The game lasted 00:09:57 (3491 turns).

avis the Shooter (Demigod Hunter)                   Turns: 3491, Time: 00:09:58

Health: 0/38       AC: -4    Str: 12    XL:     4   Next: 94%
Magic:  6/6        EV: 12    Int: 11    God:
Gold:   230        SH:  0    Dex: 21    Spells: 3/3 levels left

rFire   . . .      SeeInvis .    m - +0 shortbow
rCold   . . .      Faith    .    (shield currently unavailable)
rNeg    . . .      Spirit   .    c - +0 leather armour
rPois   .          Reflect  .    A - +0 helmet
rElec   .          Harm     .    (no cloak)
rCorr   .          Rampage  .    (no gloves)
Will    .....                    (no boots)
Stlth   ++                       (no amulet)
HPRegen 0.26/turn                e - ring of wizardry
MPRegen 0.10/turn                (no ring)

@: corroded
A: high MP 1, forlorn, divine attributes
a: no special abilities


You were on level 4 of the Dungeon.
You visited 1 branch of the dungeon, and saw 4 of its levels.

You collected 230 gold pieces.

Inventory:

Hand Weapons
 a - a +1 whip of electrocution
 m - a +0 shortbow (weapon)
 s - a +1 flail of protection
 z - a +0 short sword
Missiles
 j - a throwing net
 v - 2 atropa-tipped darts
Armour
 c - a +0 leather armour (worn)
 q - an orb of light
 y - a +0 buckler
 A - a +0 helmet (worn)
Jewellery
 e - a ring of wizardry (left hand)
Scrolls
 b - 2 scrolls of immolation
 d - 2 scrolls of noise {unknown}
 f - 3 scrolls of identify {unknown}
 g - a scroll of blinking {unknown}
 h - 2 scrolls of amnesia {unknown}
 l - a scroll of enchant weapon {unknown}
 p - a scroll of poison {unknown}
 u - a scroll of vulnerability {unknown}
 w - a scroll of butterflies {unknown}
 B - a scroll of enchant armour {unknown}
 D - a scroll of silence {unknown}
Potions
 i - 2 potions of mutation {unknown}
 k - a potion of attraction {unknown}
 n - a potion of invisibility {unknown}
 o - 2 potions of berserk rage {unknown}
 r - a potion of curing {unknown}
 t - a potion of ambrosia {unknown}
 x - a potion of heal wounds {unknown}
 C - a potion of lignification {unknown}


   Skills:
 - Level 3.0 Fighting
 * Level 5.4 Ranged Weapons
 - Level 1.7 Dodging
 - Level 0.8 Stealth


You had 3 spell levels left.
You didn't know any spells.
Your spell library contained the following spells:

 Spells                   Type           Power      Damage    Failure   Level
 Scorch                   Fire           0%         2d5       26%         2
 Kindle Blastsparks       Fire/Tloc/Air  0%         2d10      45%         3
 Flame Wave               Conj/Fire      0%         2d4       85%         4
 Fulminant Prism          Conj/Hex       0%         3d5       85%         4
 Iskenderun's Mystic Bla  Conj/Tloc      0%         2d3       85%         4
 Lee's Rapid Deconstruct  Erth           0%         3d4*      99%         5
 Summon Cactus Giant      Summ           0%         N/A       100%        6


Dungeon Overview and Level Annotations

Branches:
Dungeon (4/15)
 Temple: D:4-7


Innate Abilities, Weirdness & Mutations

You have an increased reservoir of magic. (+10% MP)
You shall have no god before yourself.
Your divine heritage dramatically boosts your attributes as you level up.


Message History

Aim: a jelly (91% to hit)
You shoot an arrow. The arrow hits the jelly.
The jelly is moderately wounded.
A kobold comes into view. It is wielding a +0 short sword.
The jelly hits you. The acid corrodes you!
You are splashed with acid.
The jelly misses you.
Fire: m) +0 shortbow
Press: ? - help, Q - select action, (/) - cycle Shift-Dir - straight line, f/p - jelly
Aim: a jelly (moderately wounded, 91% to hit)
You shoot an arrow. The arrow hits the jelly!
The jelly is severely wounded.
The jelly completely misses you. The gnoll misses you.
The kobold throws a stone.
The stone hits you.
Fire: m) +0 shortbow
Press: ? - help, Q - select action, (/) - cycle Shift-Dir - straight line, f/p - jelly
Aim: a jelly (severely wounded, 91% to hit)
You shoot an arrow. The arrow hits the jelly.
The jelly is almost dead.
The jelly hits you. The acid corrodes you!
You are splashed with acid!
The gnoll hits you from afar with a +0 spear.
Fire: m) +0 shortbow
Press: ? - help, Q - select action, (/) - cycle Shift-Dir - straight line, f/p - jelly
Aim: a jelly (almost dead, 91% to hit)
You shoot an arrow.
The arrow hits the jelly but does no damage.
The jelly is almost dead.
The jelly closely misses you.
The gnoll hits you from afar with a +0 spear.
* * * LOW HITPOINT WARNING * * *
The kobold throws a stone.
The stone barely misses you.
Fire: m) +0 shortbow
Press: ? - help, Q - select action, (/) - cycle Shift-Dir - straight line, f/p - jelly
Aim: a jelly (almost dead, 91% to hit)
You shoot an arrow.
The arrow hits the jelly but does no damage.
The jelly is almost dead.
The gnoll hits you from afar with a +0 spear.
* * * LOW HITPOINT WARNING * * *
The jelly misses you. The jelly hits you.
You die...

### #.. #.#
#.#
######.######
#....K......#
#@# #J# #g#
#g# # ##.## .
###...###
#~~...~~#
#~..♣..~#
#..........#


You could see a jelly, 2 gnolls and a kobold.

Vanquished Creatures
  Robin (D:3)
  An adder (D:3)
  7 gnolls
  2 worms
  A dart slug (D:3)
  An orc (D:3)
  5 endoplasms
  2 giant cockroaches
  9 goblins
  6 hobgoblins
  4 kobolds
  2 quokkas
  7 ball pythons
  6 bats
  3 frilled lizards
  6 rats
63 creatures vanquished.

Vanquished Creatures (others)
  A quokka (D:4)
1 creature vanquished.

Grand Total: 64 creatures vanquished

Notes
Turn   | Place    | Note
-------+----------+-------------------------------------------
     0 | D:1      | avis the Demigod Hunter began the quest for the Orb.
     0 | D:1      | Reached XP level 1. HP: 17/17 MP: 3/3
   270 | D:1      | Reached skill level 4 in Ranged Weapons
   429 | D:1      | Reached XP level 2. HP: 24/24 MP: 4/4
  1390 | D:2      | Reached XP level 3. HP: 30/30 MP: 5/5
  1982 | D:2      | Reached XP level 4. HP: 38/38 MP: 6/6
  2395 | D:3      | Reached skill level 5 in Ranged Weapons
  2582 | D:3      | Noticed Robin
  2592 | D:3      | Killed Robin
  3491 | D:4      | Slain by a jelly

Illustrated notes

Levels and vault maps discovered:
D:1:      elethiomel_arrival_maze, layout_loops_ring, grunt_decor_mini_mirrors,
          st_stairs_3, amcnicky_mini_rare_corridor_liquid, nrook_campfire
D:2:      layout_basic, basic_altar, minmay_vboxes
D:3:      layout_basic, uniq_robin
D:4:      kennysheep_spiral_hall, layout_loops_ring, elyvilon_altar_4

Skill      XL: |  1  2  3  4 |
---------------+-------------+-----
Ranged Weapons | 4 5 |  5.4
Fighting       | 2 3 |  3.0
Dodging        | |  1.7
Stealth        | |  0.8

Action                     |  1- 3 |  4- 6 || total
---------------------------+-------+-------++-------
   Fire: Shortbow          |    95 |    72 ||   167
 Armour: Leather armour    |     8 |     1 ||     9
  Dodge: Dodged            |    25 |    24 ||    49

Table legend: (Time is in decaauts)
 A = Elapsed time spent in this place.
 B = Non-inter-level travel time spent in this place.
 C = Inter-level travel time spent in this place.
 D = Time resting spent in this place.
 E = Time spent auto-exploring this place.
 F = Levels seen in this place.
 G = Mean time per level.
                   A        B        C        D        E       F      G
               +--------+--------+--------+--------+--------+-----+--------+
         Total |   3544 |   3185 |    359 |    647 |   2009 |   4 |  886.0 |
       Dungeon |   3544 |   3185 |    359 |    647 |   2009 |   4 |  886.0 |
               +--------+--------+--------+--------+--------+-----+--------+

Top non-repeatable levels by time:
     D:1: 1217 daAuts
     D:3: 1207 daAuts
     D:2: 1092 daAuts
     D:4: 26 daAuts
